 Dungeon Crawl Stone Soup version 0.31.0-32-g396128a36d (webtiles) character file.

Game seed: 10083176510915636775

23799 eggzz the Fencer (level 12, -13/113 HPs)
             Began as a Minotaur Fighter on Mar 13, 2024.
             Was an Elder of Wu Jian.
             Succumbed to a death drake's dark miasma
             ... on level 10 of the Dungeon.
             The game lasted 00:51:22 (11418 turns).

eggzz the Fencer (Minotaur Fighter)                Turns: 11418, Time: 00:51:23

Health: -13/113    AC: 19    Str: 33    XL:     12   Next: 75%
Magic:  5/11       EV: 12    Int:  5    God:    Wu Jian [****..]
Gold:   808        SH:  5    Dex: 15    Spells: 11/11 levels left

rFire   . . .        J - +4 long sword (vamp)
rCold   . . .        c - +0 buckler
rNeg    . . .        b - +2 scale mail
rPois   .            (helmet restricted)
rElec   +            v - +2 cloak {rCorr}
rCorr   +            (no gloves)
SInv    .            Q - +2 pair of boots
Will    .....        A - amulet of guardian spirit Stlth
                     e - +6 ring of strength
HPRegen 0.38/turn    j - +6 ring of dexterity
MPRegen 0.12/turn

%: guardian spirit
@: lethally poisoned (-13 -> -82), slowed, studying Armour, very slow
A: horns 2, retaliatory headbutt, talons 1, electricity resistance
a: Renounce Religion, Wall Jump, Serpent's Lash


You were on level 10 of the Dungeon.
You worshipped Wu Jian.
Wu Jian was greatly pleased with you.
You visited 3 branches of the dungeon, and saw 14 of its levels.
You also visited: Sewer.

You collected 1055 gold pieces.
You spent 247 gold pieces at shops.

Inventory:

Hand Weapons
 r - a +2 scimitar of flaming
 J - a +4 vampiric long sword (weapon)
 K - a +2 whip of electrocution
Missiles
 a - 14 poisoned darts
 C - a throwing net (quivered)
 G - 7 curare-tipped darts
Armour
 b - a +2 scale mail (worn)
 c - a +0 buckler (worn)
 v - a +2 cloak of preservation (worn)
 y - +0 acid dragon scales
 D - a scarf of resistance
 H - a +0 plate armour
 Q - a +2 pair of boots (worn)
Jewellery
 e - a +6 ring of strength (left hand)
 f - an amulet of magic regeneration
 h - a ring of ice
 j - a +6 ring of dexterity (right hand)
 q - a ring of willpower
 A - an amulet of guardian spirit (around neck)
Talismans
 k - a flux talisman
 m - a granite talisman
 t - a talisman of death
Wands
 i - a wand of quicksilver (4)
 o - a wand of polymorph (10)
 L - a wand of mindburst (22)
 O - a wand of flame (7)
Scrolls
 d - 2 scrolls of noise
 g - 2 scrolls of amnesia
 l - 4 scrolls of teleportation
 n - 2 scrolls of brand weapon
 s - a scroll of revelation
 F - a scroll of vulnerability
 N - a scroll of poison
Potions
 p - 3 potions of curing
 u - a potion of enlightenment {unknown}
 x - 2 potions of cancellation
 z - a potion of attraction
 B - a potion of haste
 E - 2 potions of invisibility {unknown}
 I - a potion of lignification {unknown}
 M - a potion of brilliance {unknown}
 P - a potion of mutation


   Skills:
 + Level 12.3 Fighting
 * Level 19.6 Long Blades
 + Level 14.2 Armour
 + Level 3.3 Dodging
 - Level 5.0 Shields


You had 11 spell levels left.
You didn't know any spells.
Your spell library contained the following spells:

 Spells                   Type           Power      Damage    Failure   Level
 Apportation              Tloc           0%         N/A       69%         1
 Cigotuvi's Dreadful Rot  Necr/Alch/Air  0%         N/A       83%         2
 Jinxbite                 Hex            0%         N/A       83%         2
 Mercury Vapours          Alch/Air       0%         N/A       83%         2
 Call Canine Familiar     Summ           0%         N/A       96%         3
 Mephitic Cloud           Conj/Alch/Air  0%         N/A       96%         3
 Sigil of Binding         Hex            0%         N/A       96%         3
 Tukima's Dance           Hex            0%         N/A       96%         3
 Brom's Barrelling Bould  Conj/Erth      0%         2d3       100%        4
 Dimensional Bullseye     Hex/Tloc       0%         N/A       100%        4
 Dispel Undead            Necr           0%         3d6       100%        4
 Iskenderun's Mystic Bla  Conj/Tloc      0%         2d3       100%        4
 Martyr's Knell           Necr/Summ      0%         N/A       100%        4
 Summon Blazeheart Golem  Fire/Summ      0%         N/A       100%        4
 Alistair's Intoxication  Alch           0%         N/A       100%        5
 Fireball                 Conj/Fire      0%         3d3       100%        5
 Freezing Cloud           Conj/Ice/Air   0%         6-21      100%        5
 Iskenderun's Battlesphe  Conj           0%         2d6       100%        5
 Yara's Violent Unravell  Hex/Alch       0%         3d3       100%        5
 Conjure Ball Lightning   Conj/Air       0%         3x3d6     100%        6
 Death Channel            Necr           0%         N/A       100%        6
 Enfeeble                 Hex            0%         N/A       100%        7
 Orb of Destruction       Conj           0%         9d5       100%        7
 Spellforged Servitor     Conj/Summ      0%         N/A       100%        7


Dungeon Overview and Level Annotations

Branches:
Dungeon (11/15)            Temple (1/1) D:5            Lair (0/5) D:8
    Orc (2/2) D:9             Elf (0/3) Orc:2         Sewer (visited)

Altars:
Ashenzari
Cheibriados
Dithmenos
Elyvilon
Fedhas
Hepliaklqana
Kikubaaqudgha
Makhleb
Nemelex Xobeh
Okawaru
Qazlal
Ru
Sif Muna
Trog
Uskayaw
Vehumet
Wu Jian
Xom
Yredelemnul
Zin
The Shining One

Shops:
Orc:2 (:?!

Annotations:
D:3 exclusion: downstairs
D:4 Pikel
D:7 exclusion: 2 downstairs
D:8 Amaemon
D:9 exclusion: upstairs
Orc:1 exclusion: downstairs


Innate Abilities, Weirdness & Mutations

You have a pair of horns on your head.
You reflexively headbutt those who attack you in melee.
You have sharp toenails.
You are resistant to electric shocks. (rElec)


Message History

The death drake is moderately wounded.
You feel extremely sick.
The death drake bites you but does no damage.
You closely miss the death drake.
You headbutt the death drake, but do no damage.
The death drake is moderately wounded.
You feel very sick. The death drake breathes miasma at you.
The foul vapour engulfs you.
You are more poisoned.
You feel as though you will be slow longer.
The death drake bites you!
Unknown command.
You hit the death drake. Your headbutt misses the death drake.
The death drake is moderately wounded.
You are engulfed in dark miasma.
You are lethally poisoned!
You feel extremely sick. You block the death drake's attack.
You miss the death drake.
The death drake is moderately wounded.
You are engulfed in dark miasma.
You are more poisoned.
* * * LOW HITPOINT WARNING * * *
x2 You feel extremely sick.
The death drake barely misses you.
You feel better.
You are engulfed in dark miasma.
You are lethally poisoned!
You feel as though you will be slow longer.
* * * LOW HITPOINT WARNING * * *
x2 You feel extremely sick.
The death drake breathes miasma at you. The foul vapour engulfs you.
You are more poisoned.
* * * LOW HITPOINT WARNING * * *
You block the death drake's attack.
As you read the scroll of fear, it crumbles to dust.
You assume a fearsome visage.
The death drake looks frightened!
You are engulfed in dark miasma.
You are more poisoned.
You die...

..... ##.#. .. #.#. #...
....######.#. #...
............. ####..###
#######.##### .....#..
#.###.# #...#.####### ##
#..#).# #...#.#°@k°.#
#.#####†### #...#.#°###°#
#..#.##..## #.#.○°°°#
##†.#.##.. #.#.#.#°#
#)##..#..# #...#.#.○.
##..###.### #...#.######
#.##)#..#.# #.#.#.......
#..#..##..#
#.#.#####.#########.#####
#.#.#.........#....#.#..#


You could see a death drake (fleeing, catching breath).

Vanquished Creatures
  Erica (Orc:1)
  3 ogre magi (Orc:2)
  15 two-headed ogres
  A gargoyle (D:10)
  An orange demon (D:8)
  3 kobold demonologists
  4 trolls (D:10)
  Sigmund (D:4)
  A wraith (D:10)
  2 wyverns
  21 yaks
  4 wargs
  2 steam dragons
  2 vampire mosquitoes (D:9)
  2 acid dragons (D:10)
  6 orc warriors
  A sky beast (D:7)
  A black bear (D:6)
  A crocodile (Sewer)
  21 ogres
  A centaur (D:10)
  3 lemures (D:4)
  8 kobold brigands
  A brain worm (Sewer)
  4 bullfrogs
  A gnoll sergeant (D:10)
  2 scorpions (D:6)
  6 wights
  4 killer bees (D:10)
  5 howler monkeys
  A bombardier beetle (D:6)
  4 hounds
  2 jellies (D:6)
  2 orc priests
  3 gnoll boudas
  Crazy Yiuf (D:3)
  10 orc wizards
  4 sleepcaps
  Ijyb (D:4)
  4 iguanas
  Natasha (thrice) (D:3 D:2)
  Robin (D:3)
  13 gnolls
  9 adders
  2 river rats (Sewer)
  A white imp (D:6)
  3 ribbon worms
  2 dart slugs (D:1)
  41 orcs
  9 ball pythons
  7 bats
  10 endoplasms
  4 giant cockroaches
  16 goblins
  7 hobgoblins
  3 jackals (Sewer)
  29 kobolds
  4 quokkas
  7 frilled lizards
  7 rats
338 creatures vanquished.

Notes
Turn   | Place    | Note
-------+----------+-------------------------------------------
     0 | D:1      | eggzz the Minotaur Fighter began the quest for the Orb.
     0 | D:1      | Reached XP level 1. HP: 19/19 MP: 0/0
   133 | D:1      | Reached skill level 3 in Long Blades
   155 | D:1      | Reached XP level 2. HP: 27/27 MP: 1/1
   473 | D:1      | Reached XP level 3. HP: 28/33 MP: 2/2
  1062 | D:2      | Reached skill level 4 in Long Blades
  1507 | D:3      | Found a sparkling altar of Nemelex Xobeh.
  1509 | D:3      | Noticed Natasha
  1520 | D:3      | Killed Natasha
  1521 | D:3      | Reached XP level 4. HP: 15/41 MP: 3/3
  1654 | D:3      | Noticed Robin
  1684 | D:3      | Gained mutation: You have large cloven feet. [potion of
                  | mutation]
  1684 | D:3      | Gained mutation: Your spells are a little harder to cast,
                  | but a little more powerful. [potion of mutation]
  1684 | D:3      | Gained mutation: A frigid envelope surrounds you and
                  | freezes all who hurt you. [potion of mutation]
  1690 | D:3      | Killed Robin
  1772 | D:3      | Lost mutation: A frigid envelope surrounds you and freezes
                  | all who hurt you. [potion of mutation]
  1772 | D:3      | Lost mutation: You have large cloven feet. [potion of
                  | mutation]
  1772 | D:3      | Lost mutation: Your spells are a little harder to cast, but
                  | a little more powerful. [potion of mutation]
  1772 | D:3      | Gained mutation: You are clumsy. (Dex -2) [potion of
                  | mutation]
  1772 | D:3      | Gained mutation: You have hidden genetic defects. [potion
                  | of mutation]
  1772 | D:3      | Gained mutation: You expend magic power (3 MP) to
                  | strengthen your wands. [potion of mutation]
  1772 | D:3      | Gained mutation: You have sharp toenails. [potion of
                  | mutation]
  1836 | D:3      | Noticed Natasha
  1843 | D:3      | Killed Natasha
  1844 | D:3      | Reached XP level 5. HP: 39/47 MP: 4/4
  1856 | D:3      | Gained mutation: You are frail. (-10% HP) [hidden defects]
  1935 | D:3      | Found a runed translucent door.
  1936 | D:3      | Noticed Crazy Yiuf
  1971 | D:3      | Noticed Natasha
  1982 | D:2      | Killed Natasha
  1983 | D:2      | Reached skill level 5 in Long Blades
  2034 | D:3      | Gained mutation: You are very frail. (-20% HP) [hidden
                  | defects]
  2034 | D:3      | Lost mutation: You have hidden genetic defects. [hidden
                  | defects expressed]
  2318 | D:3      | Killed Crazy Yiuf
  2529 | D:4      | Reached skill level 5 in Fighting
  2532 | D:4      | Noticed Sigmund
  2542 | D:4      | Killed Sigmund
  2543 | D:4      | Reached skill level 6 in Long Blades
  2543 | D:4      | Reached skill level 5 in Shields
  2543 | D:4      | Reached XP level 6. HP: 32/44 MP: 5/5
  2625 | D:4      | Noticed Ijyb
  2696 | D:4      | Killed Ijyb
  2770 | D:4      | Noticed Pikel
  2936 | D:5      | Entered Level 5 of the Dungeon
  3240 | D:5      | Reached skill level 7 in Long Blades
  3243 | D:5      | Reached XP level 7. HP: 47/49 MP: 6/6
  3574 | D:5      | Found a staircase to the Ecumenical Temple.
  3607 | Temple   | Entered the Ecumenical Temple
  3687 | Temple   | Became a worshipper of the Wu Jian Council
  3965 | D:5      | Reached skill level 8 in Long Blades
  4078 | D:6      | Found a glowing drain.
  4091 | Sewer    | Entered a sewer
  4508 | Sewer    | Reached skill level 9 in Long Blades
  4508 | Sewer    | Reached XP level 8. HP: 49/58 MP: 4/7
  4857 | Sewer    | Reached * piety under Wu Jian
  5240 | D:6      | Reached skill level 10 in Long Blades
  5389 | D:6      | Reached skill level 5 in Armour
  5479 | D:6      | Lost mutation: You are very frail. (-20% HP) [potion of
                  | mutation]
  5479 | D:6      | Lost mutation: You expend magic power (3 MP) to strengthen
                  | your wands. [potion of mutation]
  5479 | D:6      | Lost mutation: You are frail. (-10% HP) [potion of
                  | mutation]
  5479 | D:6      | Gained mutation: Your spells are a little easier to cast,
                  | but a little less powerful. [potion of mutation]
  5480 | D:6      | Lost mutation: You are clumsy. (Dex -2) [potion of
                  | mutation]
  5480 | D:6      | Lost mutation: Your spells are a little easier to cast, but
                  | a little less powerful. [potion of mutation]
  5480 | D:6      | Lost mutation: You have sharp toenails. [potion of
                  | mutation]
  5480 | D:6      | Gained mutation: You are resistant to electric shocks.
                  | (rElec) [potion of mutation]
  5480 | D:6      | Gained mutation: You have sharp toenails. [potion of
                  | mutation]
  5580 | D:6      | Reached skill level 11 in Long Blades
  5594 | D:6      | Reached XP level 9. HP: 77/82 MP: 8/8
  5702 | D:6      | Reached ** piety under Wu Jian
  6084 | D:7      | Found a hazy altar of Hepliaklqana.
  6098 | D:7      | Reached skill level 12 in Long Blades
  6469 | D:8      | Identified a scroll of acquirement
  6469 | D:8      | Acquired a manual of Armour
  6504 | D:8      | Noticed an orange demon
  6515 | D:8      | Killed an orange demon
  6525 | D:8      | Noticed Amaemon
  6596 | D:8      | Reached skill level 13 in Long Blades
  6607 | D:8      | Found a shadowy altar of Dithmenos.
  6674 | D:7      | Reached *** piety under Wu Jian
  6678 | D:7      | Reached skill level 10 in Fighting
  6718 | D:8      | Found a staircase to the Lair.
  6718 | D:8      | Noticed an elephant
  6718 | D:8      | Noticed a death yak
  7063 | D:9      | Reached XP level 10. HP: 93/93 MP: 7/9
  7082 | D:10     | Entered Level 10 of the Dungeon
  7174 | D:9      | Found a staircase to the Orcish Mines.
  7175 | D:9      | Reached skill level 14 in Long Blades
  7220 | D:9      | Found an iron altar of Okawaru.
  7463 | D:10     | Noticed a gargoyle
  7513 | D:9      | Reached skill level 15 in Long Blades
  7513 | D:9      | Reached skill level 10 in Armour
  7722 | D:9      | Reached **** piety under Wu Jian
  8003 | Orc:1    | Entered Level 1 of the Orcish Mines
  8069 | Orc:1    | Noticed Erica
  8328 | Orc:1    | Killed Erica
  8329 | Orc:1    | Reached skill level 16 in Long Blades
  8329 | Orc:1    | Reached XP level 11. HP: 65/99 MP: 6/10
  8655 | Orc:2    | Entered Level 2 of the Orcish Mines
  8793 | Orc:2    | Noticed a two-headed ogre
  8794 | Orc:2    | Noticed a two-headed ogre
  8818 | Orc:2    | Killed a two-headed ogre
  8833 | Orc:2    | Noticed a two-headed ogre
  8898 | Orc:2    | Killed a two-headed ogre
  8899 | Orc:2    | Reached skill level 17 in Long Blades
  9030 | Orc:2    | Noticed an ogre mage
  9046 | Orc:2    | Killed an ogre mage
  9059 | Orc:2    | Noticed a two-headed ogre
  9061 | Orc:2    | Noticed a two-headed ogre
  9111 | Orc:1    | Killed a two-headed ogre
  9335 | Orc:1    | Killed a two-headed ogre
  9645 | Orc:2    | Noticed a two-headed ogre
  9661 | Orc:2    | Killed a two-headed ogre
  9768 | Orc:2    | Killed a two-headed ogre
  9778 | Orc:2    | Found Iwonwaas's Magic Scroll Shop.
  9778 | Orc:2    | Found Cunlypet's Weapon Emporium.
  9778 | Orc:2    | Found Duinkiph's Distillery.
  9778 | Orc:2    | Found Jisadym's Book Shop.
  9814 | Orc:2    | Noticed a two-headed ogre
  9815 | Orc:2    | Noticed a two-headed ogre
  9816 | Orc:2    | Noticed a two-headed ogre
  9849 | Orc:2    | Killed a two-headed ogre
  9850 | Orc:2    | Reached skill level 18 in Long Blades
  9855 | Orc:2    | Killed a two-headed ogre
  9864 | Orc:2    | Killed a two-headed ogre
  9944 | Orc:2    | Noticed an ogre mage
  9967 | Orc:2    | Killed an ogre mage
  9968 | Orc:2    | Reached XP level 12. HP: 110/110 MP: 11/11
  9973 | Orc:2    | Noticed an ogre mage
  9993 | Orc:2    | Killed an ogre mage
 10024 | Orc:2    | Bought a scroll of revelation for 75 gold pieces
 10024 | Orc:2    | Bought a scroll of fear for 40 gold pieces
 10025 | Orc:2    | Bought a potion of cancellation for 96 gold pieces
 10025 | Orc:2    | Bought a potion of attraction for 36 gold pieces
 10028 | Orc:2    | Noticed a two-headed ogre
 10038 | Orc:2    | Killed a two-headed ogre
 10042 | Orc:2    | Noticed a two-headed ogre
 10069 | Orc:2    | Killed a two-headed ogre
 10091 | Orc:2    | Noticed a two-headed ogre
 10106 | Orc:2    | Killed a two-headed ogre
 10171 | Orc:2    | Noticed a two-headed ogre
 10171 | Orc:2    | Noticed a two-headed ogre
 10191 | Orc:2    | Killed a two-headed ogre
 10192 | Orc:2    | Reached skill level 19 in Long Blades
 10194 | Orc:2    | Killed a two-headed ogre
 10195 | Orc:2    | Reached skill level 1 in Dodging
 10294 | Orc:2    | Noticed a two-headed ogre
 10485 | Orc:2    | Killed a two-headed ogre
 10499 | Orc:2    | Found a staircase to the Elven Halls.
 10579 | Orc:2    | Noticed an orc warlord
 11418 | D:10     | Succumbed to a death drake's dark miasma

Illustrated notes

Levels and vault maps discovered:
D:1:      saegor_arrival_simple_a, layout_loops_cross, serial_bayou_pond_d
D:2:      layout_rooms
D:3:      cheibrodos_greedy_goblins, layout_rooms,
          nicolae_overflow_crystal_walls, supply_closet_lemuel, uniq_robin,
          uniq_crazy_yiuf_cottage, uniq_natasha
D:4:      layout_loops_ring, old_standard_altar, biasface_ghost_orc_armoury,
          minmay_misc_feat_diagonals, uniq_ijyb, uniq_sigmund, uniq_pikel
D:5:      layout_basic, minmay_temple_entry_grid
D:6:      layout_loops_cross, cheibrodos_sewer_entry_drain
D:7:      layout_basic, old_standard_altar
D:8:      layout_basic, nicolae_dithmenos_the_darkroom, david_lair_generic,
          enter_bailey_3, uniq_amaemon
D:9:      layout_grid_maze, mainiacjoe_overflow_paths, orc_0_dummy
D:10:     layout_loops_cross, minmay_the_grid_2x2 [minmay_the_grid_all_tris,
          minmay_the_grid_expand, minmay_the_grid_gridbox,
          minmay_the_grid_prize_shrinking_boxes]
D:11:     layout_loops_cross
Temple:   minmay_temple_bridge_d
Orc:1:    layout_caves, nicolae_orc_lava_room, uniq_erica
Orc:2:    st_orc_ogre_mass, layout_diamond_mine, serial_shops,
          nicolae_shop_tiny_glass, basic_altar

Skill      XL: |  1  2  3  4  5  6  7  8  9 10 11 12 |
---------------+-------------------------------------+-----
Long Blades    | 3 4 6 7 9 11 13 16 18 19 | 19.6
Fighting       | 4 5 7 8 10 11 12 | 12.3
Shields        | 4 5 |  5.0
Armour         | 5 7 10 12 14 | 14.2
Dodging        | 3 |  3.3

Action                     |  1- 3 |  4- 6 |  7- 9 | 10-12 || total
---------------------------+-------+-------+-------+-------++-------
  Melee: Long sword        |   110 |   117 |   337 |   427 ||   991
         Headbutt          |     9 |    24 |    63 |    86 ||   182
         Kick              |       |    24 |    94 |   145 ||   263
 Invoke: Serpent's Lash    |       |       |       |     5 ||     5
Ability: Lunge             |       |       |    35 |    17 ||    52
         Whirlwind         |       |       |    14 |    55 ||    69
         Wall Jump         |       |       |     1 |     2 ||     3
  Evoke: Wand              |       |       |       |     2 ||     2
    Use: Potion            |     2 |     6 |     3 |     9 ||    20
         Scroll            |       |       |    11 |     3 ||    14
 Armour: Scale mail        |    66 |    91 |   161 |   219 ||   537
  Dodge: Dodged            |    47 |    50 |    98 |   152 ||   347
  Block: Buckler           |    20 |    24 |    53 |    62 ||   159
